 Dungeon Crawl Stone Soup version 0.21-a0-440-g28109cb (webtiles) character file.

4159 esteth the Cleaver (level 10, -2/68 HPs)
             Began as a Gargoyle Monk on Nov 11, 2017.
             Was a Priest of Qazlal.
             Slain by a two-headed ogre
             ... wielding a +0 giant club
              (16 damage)
             ... on level 11 of the Dungeon.
             The game lasted 00:14:33 (6255 turns).

esteth the Cleaver (Gargoyle Monk)                  Turns: 6255, Time: 00:14:33

Health: -2/68      AC: 19    Str: 19    XL:     10   Next: 28%
Magic:  10/10      EV:  8    Int: 10    God:    Qazlal [***...]
Gold:   316        SH:  9    Dex: 12    Spells: 9/9 levels left

rFire    . . .     SeeInvis .   L - +3 battleaxe (freeze)
rCold    . . .     Gourm    .   (shield currently unavailable)
rNeg     + . .     Faith    .   w - +0 chain mail
rPois    ∞         Spirit   .   j - +0 helmet
rElec    +         Reflect  +   (no cloak)
rCorr    .         Harm     .   (no gloves)
MR       .....                  (no boots)
Stlth    ..........             I - +5 amulet of reflection
HPRegen  0.21/turn              r - +3 ring of protection
MPRegen  0.12/turn              F - ring of stealth

@: no status effects
A: negative energy resistance 1, electricity resistance, unbreathing,
petrification resistance, rot immunity, AC +7
a: Upheaval, Elemental Force, Renounce Religion


You were on level 11 of the Dungeon.
You worshipped Qazlal.
Qazlal was most pleased with you.
You were not hungry.

You visited 2 branches of the dungeon, and saw 10 of its levels.

You collected 316 gold pieces.

Inventory:

Hand Weapons
 C - a +0 war axe
 L - a +3 battleaxe of freezing (weapon)
Armour
 b - a +0 robe
 j - a +0 helmet (worn)
 l - a +0 ring mail
 w - a +0 chain mail (worn)
Jewellery
 a - an uncursed ring of protection from cold
 e - an uncursed amulet of regeneration
 r - a +3 ring of protection (left hand)
 F - a ring of stealth (right hand)
 I - a +5 amulet of reflection (around neck)
Wands
 f - a wand of flame (9/48)
 p - a wand of polymorph (14/24)
 t - a wand of scattershot (6/9)
 B - a wand of disintegration (4/24)
Scrolls
 d - a scroll of magic mapping
 g - 6 scrolls of identify
 k - a scroll of fog
 o - 6 scrolls of remove curse
 y - 3 scrolls of teleportation
 G - 2 scrolls of recharging
 J - a scroll of fear {unknown}
Potions
 h - 8 potions of curing {unknown}
 i - a potion of heal wounds {unknown}
 n - 7 potions of agility {unknown}
 q - a potion of invisibility
 u - 3 potions of lignification {unknown}
 v - 3 potions of degeneration {unknown}
 z - 2 potions of mutation {unknown}
 A - a potion of resistance {unknown}
 D - a potion of flight {unknown}
 E - a potion of berserk rage {unknown}
Comestibles
 c - 5 bread rations
 m - 5 meat rations
 s - 3 fruits
 x - a royal jelly
 H - 17 chunks of flesh


   Skills:
 - Level 9.9 Fighting
 + Level 11.1 Axes
 - Level 2.4 Dodging
 - Level 2.1 Stealth


You had 9 spell levels left.
You didn't know any spells.

Dungeon Overview and Level Annotations

Branches:
Dungeon (8/15)             Temple (1/1) D:4
   Lair: D:8-11

Altars:
Ashenzari
Cheibriados
Dithmenos
Elyvilon
Fedhas
Hepliaklqana
Makhleb
Nemelex Xobeh
Okawaru
Qazlal
Ru
Sif Muna
Trog
Uskayaw
Vehumet
Wu Jian
Xom
Yredelemnul
Zin
The Shining One

Shops:
D:7 :

Annotations:
D:3 exclusion: downstairs


Innate Abilities, Weirdness & Mutations

You are resistant to torment.
Your stone body is resilient. (AC +7)
You are immune to poison.
You resist negative energy. (rN+)
You are resistant to electric shocks. (rElec)
You can survive without breathing.
You are immune to petrification.
You are immune to rotting.


Message History

The two-headed ogre hits you but does no damage.
The orc is engulfed in blazing flames.
You kill the orc!
Qazlal accepts your kill. The orc barely misses you.
You slash the two-headed ogre! You freeze the two-headed ogre.
The two-headed ogre is heavily wounded.
You hit the orc. You freeze the orc.
You kill the orc!
Qazlal accepts your kill.
You hit the orc warrior but do no damage.
The orc warrior hits you with a broad axe.
The two-headed ogre hits you with a giant club.
The two-headed ogre hits you but does no damage.
The orc warrior throws a tomahawk.
The tomahawk closely misses you.
You see here 2 tomahawks.
The two-headed ogre hits you with a giant club!
* * * LOW HITPOINT WARNING * * *
The two-headed ogre hits you with a giant spiked club!
You die...

#..... +.....
#....# #....#
#..<.# #.§).#
#..o.# #..O.#
###@## #..# #.##
#######.######..
.............|.#
#######.#####...
#.# ... #.# ...
#.#


You could see a two-headed ogre and an orc warrior.

Vanquished Creatures
  A two-headed ogre (D:5)
  Pikel (D:5)
  A hornet (D:7)
  A shadow (D:11)
  Eustachio (D:4)
  A wraith (D:11)
  The ghost of Qupu the Poker, an amateur MfSk of Okawaru (D:4)
  An orc warrior (D:7)
  An ice beast (D:7)
  2 sky beasts
  An eye of draining (D:11)
  A phantom (D:11)
  4 ogres
  3 slaves (D:5)
  2 centaurs
  2 bullfrogs
  3 scorpions
  4 wights (D:7)
  4 orc priests
  2 bullfrog skeletons
  2 hounds
  2 iguanas
  5 orc wizards
  4 worker ants (D:4)
  A hound skeleton (D:7)
  Robin (D:2)
  14 adders
  A shadow imp (D:4)
  4 oozes
  An adder skeleton (D:4)
  4 worms
  6 dart slugs
  3 leopard geckos
  24 orcs
  8 giant cockroaches
  22 goblins
  11 hobgoblins
  6 jackals
  3 kobolds
  A quokka (D:8)
  8 bats
  3 frilled lizards
  A jackal skeleton (D:5)
  A jackal zombie (D:5)
  13 rats
186 creatures vanquished.

Vanquished Creatures (others)
  A slave (D:5)
1 creature vanquished.

Grand Total: 187 creatures vanquished

Notes
Turn   | Place    | Note
-------+----------+-------------------------------------------
     0 | D:1      | esteth the Gargoyle Monk began the quest for the Orb.
     0 | D:1      | Reached XP level 1. HP: 14/14 MP: 1/1
   101 | D:1      | Reached skill level 3 in Axes
   109 | D:1      | Reached XP level 2. HP: 15/19 MP: 2/2
   693 | D:2      | Reached XP level 3. HP: 9/23 MP: 3/3
   836 | D:2      | Reached skill level 4 in Axes
   849 | D:2      | Noticed Robin
   900 | D:2      | Killed Robin
   900 | D:2      | Reached XP level 4. HP: 16/28 MP: 4/4
  1104 | D:2      | Found a shadowy altar of Dithmenos.
  1233 | D:2      | Found a faded altar of an unknown god.
  1295 | D:2      | Reached skill level 5 in Axes
  1448 | D:2      | Reached XP level 5. HP: 31/32 MP: 5/5
  1565 | D:3      | Found a shimmering altar of Xom.
  2031 | D:3      | Reached skill level 6 in Axes
  2031 | D:3      | Reached XP level 6. HP: 34/37 MP: 6/6
  2334 | D:3      | Found a hazy altar of Hepliaklqana.
  2769 | D:4      | Found a staircase to the Ecumenical Temple.
  2793 | D:4      | Noticed Eustachio
  2820 | Temple   | Entered the Ecumenical Temple
  2928 | Temple   | Became a worshipper of Qazlal Stormbringer
  2928 | Temple   | Reached * piety under Qazlal
  2928 | Temple   | Reached ** piety under Qazlal
  3081 | D:4      | Noticed Qupu's ghost (amateur MfSk)
  3264 | D:4      | Reached skill level 7 in Axes
  3264 | D:4      | Reached XP level 7. HP: 39/41 MP: 7/7
  3317 | D:4      | Found a burning altar of Makhleb.
  3317 | D:4      | Found a glowing golden altar of the Shining One.
  3361 | D:4      | Killed Qupu's ghost
  3509 | D:4      | HP: 2/43 [ogre/giant club (22)]
  3771 | D:4      | Killed Eustachio
  3771 | D:4      | Reached skill level 5 in Fighting
  3771 | D:4      | Reached XP level 8. HP: 21/49 MP: 8/8
  3919 | D:5      | Entered Level 5 of the Dungeon
  4011 | D:5      | Noticed Pikel
  4020 | D:5      | Noticed a two-headed ogre
  4031 | D:5      | Killed a two-headed ogre
  4031 | D:5      | Reached skill level 8 in Axes
  4033 | D:5      | Killed Pikel
  4033 | D:5      | Reached skill level 9 in Axes
  4033 | D:5      | Reached XP level 9. HP: 26/59 MP: 9/9
  5149 | D:6      | Found a shadowy altar of Dithmenos.
  5149 | D:6      | Found a faded altar of an unknown god.
  5154 | D:6      | Found an iron altar of Okawaru.
  5156 | D:6      | Found a sparkling altar of Nemelex Xobeh.
  5157 | D:6      | Found a faded altar of an unknown god.
  5214 | D:7      | Reached skill level 10 in Axes
  5388 | D:7      | Found Nogaps's Book Emporium.
  5674 | D:7      | Noticed a hornet
  5686 | D:7      | Killed a hornet
  5883 | D:7      | Reached XP level 10. HP: 62/67 MP: 10/10
  5886 | D:7      | Reached *** piety under Qazlal
  6029 | D:8      | You fall through a shaft for 3 floors!
  6104 | D:11     | Reached skill level 11 in Axes
  6245 | D:11     | Noticed a two-headed ogre
  6255 | D:11     | Slain by a two-headed ogre

Vault maps used:
D:1:      tarquinn_simple_flora_water_a
D:2:      chequers_ecumenical_altar_grove,
          nicolae_dithmenos_through_a_glass_darkly, uniq_robin
D:3:      nicolae_overflow_hidden_temple, lemuel_crystal_altar, first_bread,
          st_stairs_1, minmay_misc_feat_tower, minmay_joined_circles
D:4:      chequers_temple_overflow_statue_of_worship, minmay_temple_entry_mist,
          serial_curves, eino_curves_04, eino_curves_02,
          hangedman_minor_gate_pass, uniq_eustachio
D:5:      uniq_pikel
D:6:      chequers_temple_overflow_minitemple
D:7:      serial_shops, shop
D:8:      nicolae_gozag_cash_rules_everything_around_me,
          kiku_gazebo_garden_becter, uniq_grum
D:11:     david_lair_shrubbed, grunt_decor_cap
Temple:   oiseaux_autumnal_temple

Skill      XL: |  1  2  3  4  5  6  7  8  9 10 |
---------------+-------------------------------+-----
Axes           | 3 4 5 6 7 9 10 11 | 11.1
Fighting       | 5 8 9 |  9.9
Dodging        | |  2.4
Stealth        | |  2.1

Action                   |  1- 3 |  4- 6 |  7- 9 | 10-12 || total
-------------------------+-------+-------+-------+-------++-------
Melee: Hand axe          |   111 |   328 |       |       ||   439
       Unarmed           |       |     2 |       |       ||     2
       War axe           |       |    10 |   187 |     3 ||   200
       Battleaxe         |       |       |       |    45 ||    45
  Use: Scroll            |       |     5 |     3 |       ||     8
 Stab: Sleeping          |     2 |     4 |       |       ||     6
  Eat: Chunk             |       |     8 |     9 |     1 ||    18
Armor: Robe              |    43 |    44 |       |       ||    87
       Ring mail         |       |    63 |       |       ||    63
       Chain mail        |       |    72 |   194 |    26 ||   292
Dodge: Dodged            |    73 |   188 |    99 |    14 ||   374
Block: Other             |       |     8 |    49 |    16 ||    73

Table legend:
 A = Spawn XP
 B = Non-spawn XP
 C = Spawn XP percentage of total XP
 D = Spawn monster count
 E = Non-spawn monster count
 F = Spawn count percentage of total count
 G = Total turns spent on level
                    A         B        C        D         E        F      G
               +---------+---------+-------+---------+---------+-------+---------
         Total |       0 |    5942 |   0.0 |       0 |     183 |   0.0 |  6255
               +---------+---------+-------+---------+---------+-------+---------
           D:1 |       0 |      23 |   0.0 |       0 |      13 |   0.0 |   634
           D:2 |       0 |     145 |   0.0 |       0 |      40 |   0.0 |   913
           D:3 |       0 |     303 |   0.0 |       0 |      57 |   0.0 |  1232
           D:4 |       0 |    1130 |   0.0 |       0 |      26 |   0.0 |  1003
           D:5 |       0 |    1715 |   0.0 |       0 |       7 |   0.0 |   382
           D:6 |       0 |     282 |   0.0 |       0 |       3 |   0.0 |   797
           D:7 |       0 |    1245 |   0.0 |       0 |      18 |   0.0 |   819
           D:8 |       0 |       2 |   0.0 |       0 |       1 |   0.0 |     9
          D:11 |       0 |    1097 |   0.0 |       0 |      18 |   0.0 |   226
               +---------+---------+-------+---------+---------+-------+---------
